 Dungeon Crawl Stone Soup version 0.29-a0-1023-g6ae1a4a2c7 (webtiles) character file.

Game seed: 7327391979604685779

930 nickcage the Spear-Bearer (level 8, 0/56 HPs)
             Began as a Merfolk Gladiator on Aug 11, 2022.
             Slain by an orc warrior
             ... wielding a +2 vorpal battleaxe
              (3 damage)
             ... on level 6 of the Dungeon.
             The game lasted 00:11:53 (5550 turns).

nickcage the Spear-Bearer (Merfolk Gladiator)       Turns: 5550, Time: 00:11:53

Health: 0/56       AC: 14    Str: 17    XL:     8   Next: 11%
Magic:  8/8        EV:  6    Int: 13    God:
Gold:   306        SH:  0    Dex: 15    Spells: 7/7 levels left

rFire   . . .      SeeInvis .   a - +0 trident
rCold   . . .      Faith    .   (no shield)
rNeg    . . .      Spirit   .   j - +1 plate armour
rPois   .          Reflect  .   c - +0 helmet
rElec   .          Harm     .   i - +0 cloak
rCorr   .          Rampage  .   (no gloves)
Will    .....                   k - +0 pair of boots
Stlth   ..........              (no amulet)
HPRegen 0.18/turn               o - +6 ring of intelligence
MPRegen 0.11/turn               (no ring)

@: no status effects
A: (nimble swimmer 2), mertail
a: no special abilities


You were on level 6 of the Dungeon.
You visited 1 branch of the dungeon, and saw 6 of its levels.

You collected 306 gold pieces.

Inventory:

Hand Weapons
 a - a +0 trident (weapon)
Missiles
 d - 3 throwing nets
 e - a javelin
 s - 2 poisoned darts (quivered)
Armour
 b - a +0 leather armour
 c - a +0 helmet (worn)
 f - a +0 ring mail of fire resistance
 i - a +0 cloak (worn)
 j - a +1 plate armour (worn)
 k - a +0 pair of boots (worn)
Jewellery
 o - a +6 ring of intelligence (left hand)
Wands
 w - a wand of flame (23)
Scrolls
 h - 3 scrolls of amnesia
 l - a scroll of magic mapping {unknown}
 n - 4 scrolls of teleportation
 r - a scroll of fear {unknown}
 x - a scroll of blinking
 y - a scroll of enchant weapon {unknown}
 z - a scroll of identify
Potions
 g - a potion of degeneration
 m - a potion of mutation {unknown}
 p - a potion of flight {unknown}
 q - 3 potions of lignification
 t - 3 potions of haste {unknown}
 u - a potion of might {unknown}
 v - a potion of curing {unknown}


   Skills:
 - Level 2.1 Fighting
 + Level 12.3 Polearms
 - Level 2.0 Throwing
 - Level 4.0 Dodging


You had 7 spell levels left.
You didn't know any spells.
Your spell library contained the following spells:

 Spells                   Type           Power      Damage    Failure   Level
 Magic Dart               Conj           0%         1d3       100%        1
 Sandblast                Erth           0%         2d4       100%        1
 Call Imp                 Summ           0%         N/A       100%        2
 Passwall                 Tmut/Erth      0%         N/A       100%        2
 Mephitic Cloud           Conj/Pois/Air  0%         N/A       100%        3
 Stone Arrow              Conj/Erth      0%         3d7       100%        3
 Iskenderun's Battlesphe  Conj           0%         2d6       100%        5
 Iron Shot                Conj/Erth      0%         9d1       100%        6
 Spellforged Servitor     Conj/Summ      0%         N/A       100%        7


Dungeon Overview and Level Annotations

Branches:
Dungeon (6/15)
 Temple: D:4-7

Altars:
Qazlal
Sif Muna


Innate Abilities, Weirdness & Mutations

((You are very nimble when in or above water. (Stealth+, EV+, Speed+++)))
Your lower body shifts to a powerful aquatic tail in water.


Message History

The orc throws a boomerang.
The boomerang hits you.
An orc comes into view. It is wielding a +0 dagger.
The orc shouts!
You reach to attack!
You puncture the orc!
You kill the orc!
You closely miss the orc warrior.
The orc warrior hits you with a +2 vorpal battleaxe!
You hit the orc warrior but do no damage.
The orc warrior hits you with a +2 vorpal battleaxe!
You hit the orc warrior.
The orc warrior is lightly wounded.
You hit the orc warrior.
The orc warrior is moderately wounded.
The orc warrior hits you with a +2 vorpal battleaxe.
The orc hits you but does no damage.
You are too injured to fight recklessly!
You are too injured to fight recklessly!
You are too injured to fight recklessly!
You are too injured to fight recklessly!
You hit the orc warrior but do no damage.
The orc warrior is moderately wounded.
The orc hits you but does no damage.
The orc warrior hits you with a +2 vorpal battleaxe!!
* * * LOW HITPOINT WARNING * * *
x2 You hit the orc warrior but do no damage.
The orc warrior is moderately wounded.
You hit the orc warrior.
The orc warrior is heavily wounded.
The orc hits you but does no damage. The orc warrior closely misses you.
You barely miss the orc warrior.
The orc warrior is heavily wounded.
The orc hits you but does no damage. The orc warrior barely misses you.
The orc barely misses you.
You closely miss the orc warrior.
The orc warrior is heavily wounded.
You hit the orc warrior but do no damage.
The orc warrior is heavily wounded.
The orc hits you but does no damage.
The orc warrior hits you with a +2 vorpal battleaxe.
You die...

#############
##....##.....#
#............#
#............#
#.......^....#
#............#
#............#
#####..####..##.#
#..##..####.@#####..#
#..........ooo......#
#............)......#
#...................'
#............##.....#
#..<.........# .....#
#.......#....# ......
#####.......######
..... ...##'#######
.....


You could see an orc warrior and 2 orcs.

Vanquished Creatures
  Menkaure (D:6)
  A water moccasin (D:5)
  3 ogres (D:5)
  A necrophage (D:5)
  A scorpion (D:5)
  A jelly (D:5)
  2 hounds
  3 iguanas
  4 gnolls (D:5)
  5 adders
  An ufetubus (D:5)
  A worm (D:3)
  4 dart slugs
  2 orcs
  5 bats
  4 endoplasms
  2 giant cockroaches (D:1)
  8 goblins
  5 hobgoblins
  4 jackals (D:2)
  8 ball pythons
  4 frilled lizards
  5 kobolds
  2 rats
  A bush (D:3)
78 creatures vanquished.

Notes
Turn   | Place    | Note
-------+----------+-------------------------------------------
     0 | D:1      | nickcage the Merfolk Gladiator began the quest for the Orb.
     0 | D:1      | Reached XP level 1. HP: 16/16 MP: 1/1
   218 | D:1      | Reached XP level 2. HP: 22/22 MP: 2/2
   451 | D:1      | Reached skill level 5 in Polearms
   916 | D:2      | Reached XP level 3. HP: 4/27 MP: 3/3
  1346 | D:2      | Reached skill level 6 in Polearms
  1623 | D:2      | Reached XP level 4. HP: 33/33 MP: 4/4
  2275 | D:3      | Reached skill level 7 in Polearms
  3220 | D:4      | Found a shimmering blue altar of Sif Muna.
  3224 | D:4      | Found a stormy altar of Qazlal.
  3326 | D:4      | Reached XP level 5. HP: 34/38 MP: 5/5
  3817 | D:5      | Entered Level 5 of the Dungeon
  3864 | D:5      | Reached skill level 8 in Polearms
  4148 | D:5      | Noticed an ogre
  4154 | D:5      | Killed an ogre
  4155 | D:5      | Reached skill level 9 in Polearms
  4155 | D:5      | Reached XP level 6. HP: 43/44 MP: 6/6
  4596 | D:5      | Reached skill level 10 in Polearms
  4596 | D:5      | Reached XP level 7. HP: 47/50 MP: 7/7
  4857 | D:5      | Reached skill level 11 in Polearms
  5510 | D:6      | Noticed Menkaure
  5519 | D:6      | Killed Menkaure
  5520 | D:6      | Reached skill level 12 in Polearms
  5520 | D:6      | Reached XP level 8. HP: 56/56 MP: 8/8
  5545 | D:6      | HP: 2/56 [orc warrior/+2 vorpal battleaxe (4)]
  5550 | D:6      | Slain by an orc warrior

Illustrated notes

Levels and vault maps discovered:
D:1:      psy_arrival_spokes, layout_basic, minmay_misc_feat_columns
D:2:      layout_loops_cross, dk_noncrumbling_3
D:3:      layout_basic, serial_forest, infiniplex_forest_join,
          infiniplex_forest_3_way, infiniplex_forest_clump_tiny,
          infiniplex_forest_lined_3, infiniplex_forest_lined_2,
          infiniplex_forest_straight_5, infiniplex_forest_fountain,
          infiniplex_forest_clump_medium, infiniplex_forest_corner_1,
          infiniplex_forest_straight_3
D:4:      layout_basic, nicolae_qazlal_general_emergency,
          mainiacjoe_overflow_surrounded_room, hangedman_decor_growths
D:5:      layout_loops_ring
D:6:      layout_gridville, minmay_temple_entry_purple_smoke, uniq_menkaure

Skill      XL: |  1  2  3  4  5  6  7 |
---------------+----------------------+-----
Polearms       | 5 6 7 9 10 12 | 12.3
Fighting       | |  2.1
Throwing       | |  2.0
Dodging        | |  4.0

Action                   |  1- 3 |  4- 6 |  7- 9 || total
-------------------------+-------+-------+-------++-------
Melee: Trident           |   101 |   239 |    55 ||   395
       Punch             |     1 |     4 |       ||     5
Throw: Dart              |       |     3 |       ||     3
  Use: Scroll            |       |    10 |       ||    10
       Potion            |       |     1 |     2 ||     3
Armor: Ring mail         |    10 |       |       ||    10
       Leather armour    |     1 |       |       ||     1
       Plate armour      |    41 |    71 |    20 ||   132
Dodge: Dodged            |    31 |    26 |    12 ||    69

Table legend: (Time is in decaauts)
 A = Elapsed time spent in this place.
 B = Non-inter-level travel time spent in this place.
 C = Inter-level travel time spent in this place.
 D = Time resting spent in this place.
 E = Time spent auto-exploring this place.
 F = Levels seen in this place.
 G = Mean time per level.
                   A        B        C        D        E       F      G
               +--------+--------+--------+--------+--------+-----+--------+
         Total |   5523 |   5362 |    161 |   1016 |   3561 |   6 |  920.5 |
       Dungeon |   5523 |   5362 |    161 |   1016 |   3561 |   6 |  920.5 |
               +--------+--------+--------+--------+--------+-----+--------+

Top non-repeatable levels by time:
     D:5: 1343 daAuts
     D:2: 1262 daAuts
     D:4: 1020 daAuts
     D:3: 975 daAuts
     D:1: 820 daAuts
     D:6: 101 daAuts
